 Dungeon Crawl Stone Soup version 0.21-a0-153-g78480df (webtiles) character file.

7725 Goblin1989 the Grappler (level 11, -5/107 HPs)
             Began as a Troll Fighter on July 31, 2017.
             Was a Priest of Okawaru.
             Slain by a skeletal warrior
             ... wielding a +0 hand axe
             ... led by a skeletal warrior
              (6 damage)
             ... on level 12 of the Dungeon.
             The game lasted 00:32:27 (3193 turns).

Goblin1989 the Grappler (Troll Fighter)             Turns: 3193, Time: 00:32:28

Health: -5/107     AC:  6    Str: 26    XL:     11   Next: 0%
Magic:  11/12      EV: 14    Int:  7    God:    Okawaru [***...]
Gold:   16         SH: 21    Dex:  9    Spells: 10/10 levels left

rFire    . . .     SeeInvis .     - Unarmed
rCold    + . .     Gourm    +   Y - +2 large shield
rNeg     . . .     Faith    .   Q - +1 robe of Yxomn {rElec rC+ rCorr}
rPois    .         Spirit   .   (helmet restricted)
rElec    +         Reflect  .   F - scarf {repulsion}
rCorr    +         Harm     .   (gloves unavailable)
MR       .....                  (boots unavailable)
Stlth    ++++......             Z - amulet of rage
HPRegen  0.67/turn              x - ring of stealth
MPRegen  0.13/turn              (no ring)

@: heroism, repel missiles
A: unfitting armour, claws 3, fast metabolism 3, gourmand, regeneration 1,
shaggy fur 1, tough skin 2
a: Heroism, Renounce Religion, Evoke Berserk Rage


You were on level 12 of the Dungeon.
You worshipped Okawaru.
Okawaru was most pleased with you.
You were completely stuffed.

You visited 1 branch of the dungeon, and saw 12 of its levels.

You collected 243 gold pieces.
You spent 227 gold pieces at shops.

Inventory:

Hand Weapons
 w - a +2 blowgun {@w1}
Missiles
 D - 8 poisoned needles
 G - 5 javelins (quivered)
Armour
 F - a scarf of repulsion (worn)
 Q - the +1 robe of Yxomn (worn) {rElec rC+ rCorr}
   (You bought it in a shop on level 4 of the Dungeon)

   It protects you from cold.
   It insulates you from electricity.
   It protects you from acid and corrosion.
 Y - a +2 large shield (worn)
Jewellery
 f - an uncursed ring of ice
 x - a ring of stealth (left claw)
 Z - an amulet of rage (around neck)
Wands
 I - a wand of iceblast (11/15)
Scrolls
 j - 2 scrolls of remove curse {@r2}
 l - a scroll of blinking {unknown}
 H - a scroll of random uselessness {unknown}
 L - a scroll of amnesia
 P - a scroll of enchant armour {unknown}
 T - 2 scrolls of teleportation {!r, @r3}
 V - 4 scrolls of fog
Potions
 g - 2 potions of curing {@q1}
 h - a potion of agility {unknown}
 i - 3 potions of mutation {!q}
 m - a potion of ambrosia {unknown}
 K - 3 potions of haste {@q3, !q}
 O - 2 potions of lignification
 W - a potion of cancellation
Comestibles
 e - 5 bread rations {@e1}
 J - 4 meat rations {@e2}
 M - 12 fruits
 N - 3 royal jellies


   Skills:
 + Level 6.7(11.7) Fighting
 + Level 6.6(11.6) Dodging
 + Level 6.7(11.7) Shields
 * Level 10.8(15.8) Unarmed Combat
 - Level 3.0 Invocations


You had 10 spell levels left.
You didn't know any spells.

Dungeon Overview and Level Annotations

Branches:
Dungeon (12/15)
 Temple: D:4-7         Lair: D:8-11         Orc: D:9-12

Altars:
Ashenzari
Cheibriados
Elyvilon
Okawaru

Shops:
D:4 [*%   D:8 *((   D:9 *   D:11 *

Annotations:
D:10 Psyche


Innate Abilities, Weirdness & Mutations

You are too large for most types of armour.
You have claws for hands.
Your metabolism is lightning-fast.
You like to eat raw meat.
Your natural rate of healing is unusually fast.
You are covered in fur. (AC +1)
You have very tough skin. (AC +2)


Message History

You destroy the skeletal warrior!
Okawaru is honoured by your kill.
Okawaru will gift you ammunition as your piety grows.
You have reached level 11!
You regained 2 hp, and now have 26/107 hp.
MP restored: 12 Unknown command.
There are no items here.
You see here a glaive.
You hear the faint creaking of a very distant portcullis.
You see here a crocodile corpse.
You butcher the crocodile corpse.
You see here 2 chunks of flesh.
Eating one of 2 chunks of flesh.
You eat one of the 2 chunks of flesh.
This raw flesh tastes great.
Eating a chunk of flesh.
You eat the chunk of flesh.
This raw flesh tastes great.
You open the door.
There is an open door here.
As you read the scroll labeled YMMEANIQOSO, it crumbles to dust.
Your body is wracked with pain!
* * * LOW HITPOINT WARNING * * *
It was a scroll of torment.
You take 17 damage, and have 22/107 hp.
As you read the scroll labeled XEXOLY GITHRAH, it crumbles to dust.
You hear a loud clanging noise!
It was a scroll of noise.
You hear a shout!
As you read the scroll labeled URIFEPL WODUDWIE, it crumbles to dust.
You feel aware of your surroundings.
You sensed 2 altars, and 1 shop/portal.
It was a scroll of magic mapping.
There is an open door here.
You gain the combat prowess of a mighty hero.
An ogre comes into view. It is wielding a giant spiked club.
You now have 10/12 mp.
There is an open door here.
You block the skeletal warrior's attack.
You scratch the skeletal warrior.
The skeletal warrior is lightly damaged.
You block the skeletal warrior's attack.
You barely miss the skeletal warrior.
The skeletal warrior is lightly damaged.
You scratch the skeletal warrior.
The skeletal warrior is lightly damaged.
You block the skeletal warrior's attack.
You claw the skeletal warrior!
The skeletal warrior is moderately damaged.
You block the skeletal warrior's attack.
You barely miss the skeletal warrior.
The skeletal warrior is moderately damaged.
You scratch the skeletal warrior but do no damage.
The skeletal warrior is moderately damaged.
You block something's attack.
You block the skeletal warrior's attack.
An adder comes into view.
You barely miss the skeletal warrior.
The skeletal warrior is moderately damaged.
Something hits you but does no damage.
You closely miss the skeletal warrior.
The skeletal warrior is moderately damaged.
You block the skeletal warrior's attack.
Something hits you.
* * * LOW HITPOINT WARNING * * *
You take 6 damage, and have 28/107 hp.
The adder hisses angrily.
You mangle the skeletal warrior!!
The skeletal warrior is heavily damaged.
Something hits you.
* * * LOW HITPOINT WARNING * * *
You block the ogre's attack.
You block the skeletal warrior's attack.
You take 2 damage, and have 26/107 hp.
You barely miss the skeletal warrior.
The skeletal warrior is heavily damaged.
Something hits you.
* * * LOW HITPOINT WARNING * * *
You take 3 damage, and have 23/107 hp.
You claw the skeletal warrior!
The skeletal warrior is severely damaged.
Something completely misses you.
You block the skeletal warrior's attack.
You block the ogre's attack.
You claw the skeletal warrior!
The skeletal warrior is almost destroyed.
Something hits you!
* * * LOW HITPOINT WARNING * * *
The skeletal warrior hits you with a hand axe!
* * * LOW HITPOINT WARNING * * *
You take 22 damage, and have 2/107 hp.
MASSIVE DAMAGE!!
You closely miss the skeletal warrior.
The skeletal warrior is almost destroyed.
Something barely misses you. You block the ogre's attack.
Unknown command.
Unknown command.
You barely miss the skeletal warrior.
The skeletal warrior is almost destroyed.
Something hits you.
* * * LOW HITPOINT WARNING * * *
The skeletal warrior hits you with a hand axe.
You die...

··········.......█.█████........▓
··········.......█)█ █........·
··········.......█.█ █.......█▓
····▓▓····.......∆.█████.......█·
····▓▓····.......█.............█·
····▓▓▓▲▓▓████████.............█·
····▲·····████████.............█·
····▓·····█......█.............█▓
····▓·····█.....@OS...........██▓
····▓·····▲....z.█........███.█··
▓▓▓▲▓·····█......█........█ ▓.█··
······▓▓▓·█......████████.█ ▓·▲··
·▓▓▓··▓ ▓·█...........z.▓.█ ▓·▓··
·▓▓▓··▓▓▓·█.....<...z.z.▓·▓▓▓·▓··
··········█████████.....▓·····▓··
·····▓▓▓▲▓▓▓▓▓▓▓▓▓▓.....▓·····▲··
·····▓······▓▓······....▲·▓···▓··


You could see a skeletal warrior, an ogre and an adder.

Vanquished Creatures
  A hydra (D:11)
  2 two-headed ogres
  2 skeletal warriors (D:12)
  A manticore (D:11)
  A gargoyle (D:10)
  2 hippogriffs
  10 yaks (D:9)
  A hungry ghost (D:10)
  2 orc warriors (D:9)
  A phantom (D:8)
  3 ogres
  A centaur (D:9)
  A crocodile (D:12)
  A big kobold (D:11)
  4 bullfrogs
  A wyvern skeleton (D:11)
  5 wights (D:8)
  A howler monkey (D:4)
  2 crimson imps (D:8)
  A centaur zombie (D:9)
  A bullfrog skeleton (D:7)
  2 hounds
  An orc priest (D:3)
  2 jellies
  7 orc wizards
  An iguana (D:3)
  A worker ant (D:7)
  Natasha (thrice) (D:3)
  A hound zombie (D:7)
  7 adders
  2 gnolls (D:6)
  2 worms
  A dart slug (D:2)
  2 leopard geckos
  41 orcs
  2 bats (D:1)
  4 giant cockroaches
  2 goblins
  3 hobgoblins
  7 jackals
  3 quokkas
  2 frilled lizards
  7 kobolds
  2 quokka skeletons (D:9)
  A rat (D:2)
150 creatures vanquished.

Vanquished Creatures (others)
  A quokka (D:3)
1 creature vanquished.

Grand Total: 151 creatures vanquished

Notes
Turn   | Place    | Note
-------+----------+-------------------------------------------
     0 | D:1      | Goblin1989 the Troll Fighter began the quest for the Orb.
     0 | D:1      | Reached XP level 1. HP: 22/22 MP: 0/0
    88 | D:2      | Reached XP level 2. HP: 29/29 MP: 1/1
   191 | D:3      | Reached XP level 3. HP: 34/36 MP: 2/2
   195 | D:3      | Noticed Natasha
   205 | D:3      | Killed Natasha
   205 | D:3      | Reached skill level 3 in Unarmed Combat
   211 | D:3      | Reached XP level 4. HP: 18/44 MP: 3/3
   221 | D:3      | Noticed Natasha
   269 | D:3      | Killed Natasha
   275 | D:3      | Found a shattered altar of Ashenzari.
   340 | D:3      | Noticed Natasha
   344 | D:3      | Reached XP level 5. HP: 46/53 MP: 4/4
   355 | D:3      | Killed Natasha
   410 | D:4      | Found Dotav's Antique Armour Boutique.
   429 | D:4      | Found Unkir's Assorted Antiques.
   463 | D:4      | Reached skill level 4 in Unarmed Combat
   497 | D:4      | Found Ilepn's Food Emporium.
   537 | D:3      | Found a white marble altar of Elyvilon.
   557 | D:3      | Reached XP level 6. HP: 50/61 MP: 5/5
   578 | D:3      | Became a worshipper of Elyvilon the Healer
   794 | D:2      | You fall through a shaft!
   816 | D:4      | Bought a tattered robe for 131 gold pieces
   826 | D:4      | Identified the cursed +1 robe of Yxomn {rElec rC+ rCorr} (You bought it in a shop on level 4 of the Dungeon)
   835 | D:5      | Entered Level 5 of the Dungeon
   943 | D:6      | Reached * piety under Elyvilon
  1140 | D:8      | Found a snail-covered altar of Cheibriados.
  1140 | D:8      | Found Burhehi's Weapon Boutique.
  1161 | D:8      | Reached skill level 5 in Unarmed Combat
  1216 | D:8      | Reached XP level 7. HP: 67/67 MP: 6/6
  1467 | D:8      | Found Oremped's Weapon Emporium.
  1473 | D:8      | Reached skill level 6 in Unarmed Combat
  1511 | D:8      | Reached XP level 8. HP: 61/78 MP: 7/7
  1651 | D:8      | Noticed a hippogriff
  1660 | D:8      | Killed a hippogriff
  1674 | D:8      | Reached ** piety under Elyvilon
  1821 | D:10     | Entered Level 10 of the Dungeon
  1825 | D:10     | Noticed a hippogriff
  1834 | D:10     | Killed a hippogriff
  1834 | D:10     | Reached skill level 7 in Unarmed Combat
  1904 | D:10     | Noticed Psyche
  1993 | D:9      | Reached skill level 5 in Shields
  2012 | D:9      | Reached XP level 9. HP: 87/87 MP: 8/8
  2018 | D:9      | Reached skill level 5 in Fighting
  2018 | D:9      | Reached skill level 5 in Dodging
  2018 | D:9      | Reached skill level 8 in Unarmed Combat
  2018 | D:9      | Reached skill level 1 in Invocations
  2050 | D:9      | Found Caar Emp's General Store.
  2193 | D:8      | Found Kaskest's Assorted Antiques.
  2258 | D:9      | Noticed a two-headed ogre
  2267 | D:9      | Killed a two-headed ogre
  2267 | D:9      | Reached skill level 9 in Unarmed Combat
  2267 | D:9      | Reached XP level 10. HP: 55/98 MP: 9/11
  2320 | D:9      | Found an iron altar of Okawaru.
  2334 | D:9      | Fell from the grace of Elyvilon
  2334 | D:9      | Became a worshipper of Warmaster Okawaru
  2467 | D:10     | Noticed a two-headed ogre
  2505 | D:10     | Killed a two-headed ogre
  2505 | D:10     | Reached * piety under Okawaru
  2633 | D:10     | Noticed a gargoyle
  2646 | D:10     | Killed a gargoyle
  2707 | D:11     | Reached skill level 10 in Unarmed Combat
  2882 | D:11     | Noticed a seven-headed hydra
  2904 | D:11     | Noticed a manticore
  2921 | D:11     | Killed a manticore
  2921 | D:11     | Reached ** piety under Okawaru
  2984 | D:11     | Killed a seven-headed hydra
  3061 | D:11     | Found Jozesk's Assorted Antiques.
  3069 | D:11     | Bought a scroll of teleportation for 96 gold pieces
  3097 | D:12     | Noticed a skeletal warrior
  3097 | D:12     | Noticed a skeletal warrior
  3097 | D:12     | Noticed a skeletal warrior
  3131 | D:12     | Killed a skeletal warrior
  3146 | D:12     | Killed a skeletal warrior
  3146 | D:12     | Reached *** piety under Okawaru
  3146 | D:12     | Reached XP level 11. HP: 26/107 MP: 12/12
  3191 | D:12     | HP: 2/107 [skeletal warrior/hand axe[a skeletal warrior] (12)]
  3193 | D:12     | Slain by a skeletal warrior

Vault maps used:
D:1:      dpeg_arrival_arbitrary_b, minmay_misc_feat_plants, st_stairs_11
D:2:      serial_bayou_crossing
D:3:      cheibrodos_ashenzari_chains, first_bread, elyvilon_altar_4,
          uniq_natasha
D:4:      kiku_gazebo_garden_becter, minmay_temple_entry_statues_fountains,
          serial_shops, kennysheep_mini, kennysheep_mini_moat,
          nicolae_shop_trees, shop, shop, tgw_kikubaaqudgha,
          uniq_crazy_yiuf_cottage
D:5:      nemelex_xobeh_ov_fountains_minmay, grunt_dithmenos_smoke,
          uniq_menkaure
D:7:      overflow_temple_1_default, basic_altar, the_bakery
D:8:      cheibriados_altar_1, serial_shops, shop, shop, shop, shop,
          nicolae_shop_trees
D:9:      okawaru_trees_2, serial_shops, nicolae_shop_statue_plus
D:10:     lair_entry_dummy, orc_david_3, uniq_psyche
D:11:     serial_shops, shop, minmay_nine_imps
D:12:     basic_altar, enter_bailey_3, lemuel_statue_altar, uniq_sonja

Skill      XL: |  1  2  3  4  5  6  7  8  9 10 |
---------------+-------------------------------+-----
Unarmed Combat | 3 4 5 6 7 9 10 | 10.8
Fighting       | 3 4 5 6 |  6.7
Dodging        | 3 4 5 6 |  6.6
Shields        | 3 4 5 6 |  6.7
Invocations    | 2 3 |  3.0

Action                   |  1- 3 |  4- 6 |  7- 9 | 10-12 || total
-------------------------+-------+-------+-------+-------++-------
Melee: Unarmed           |    55 |   198 |   235 |   116 ||   604
       Giant spiked club |       |       |       |     2 ||     2
Throw: Javelin           |       |       |       |     7 ||     7
Invok: Heroism           |       |       |       |     3 ||     3
Evoke: Wand              |       |       |       |     3 ||     3
  Use: Scroll            |       |       |       |    14 ||    14
       Potion            |       |       |       |     2 ||     2
 Stab: Sleeping          |       |       |     2 |     2 ||     4
  Eat: Chunk             |     4 |    12 |    16 |    11 ||    43
Armor: Robe              |    18 |    39 |    35 |    20 ||   112
       Skin              |       |       |       |    23 ||    23
Dodge: Dodged            |    17 |    49 |    58 |    29 ||   153
       Deflected         |       |       |       |     1 ||     1
Block: Shield            |    21 |    78 |    43 |       ||   142
       Large shield      |       |       |    83 |   115 ||   198

Vault maps used:
D:1:      dpeg_arrival_arbitrary_b, minmay_misc_feat_plants, st_stairs_11
D:2:      serial_bayou_crossing
D:3:      cheibrodos_ashenzari_chains, first_bread, elyvilon_altar_4,
          uniq_natasha
D:4:      kiku_gazebo_garden_becter, minmay_temple_entry_statues_fountains,
          serial_shops, kennysheep_mini, kennysheep_mini_moat,
          nicolae_shop_trees, shop, shop, tgw_kikubaaqudgha,
          uniq_crazy_yiuf_cottage
D:5:      nemelex_xobeh_ov_fountains_minmay, grunt_dithmenos_smoke,
          uniq_menkaure
D:7:      overflow_temple_1_default, basic_altar, the_bakery
D:8:      cheibriados_altar_1, serial_shops, shop, shop, shop, shop,
          nicolae_shop_trees
D:9:      okawaru_trees_2, serial_shops, nicolae_shop_statue_plus
D:10:     lair_entry_dummy, orc_david_3, uniq_psyche
D:11:     serial_shops, shop, minmay_nine_imps
D:12:     basic_altar, enter_bailey_3, lemuel_statue_altar, uniq_sonja
